 Dungeon Crawl Stone Soup version 0.29-a0-717-g6dac4ea (webtiles) character file.

Game seed: 12214388182350484493

740768 PurpleRed the Archmage (level 27, -2/166 HPs)
             Began as a Deep Elf Brigand on June 25, 2022.
             Was the Champion of Vehumet.
             Killed by dispel undead
             ... invoked by Gloorx Vloq
              (48 damage)
             ... in Pandemonium on June 26, 2022.
             The game lasted 06:43:02 (23904 turns).

PurpleRed the Archmage (Deep Elf Brigand)          Turns: 23904, Time: 06:43:02

Health: -2/166     AC: 19    Str:  8    XL:     27
Magic:  38/65      EV: 17    Int: 34    God:    Vehumet [******]
Gold:   3421       SH:  0    Dex: 16    Spells: 1/80 levels left

rFire   + + .      SeeInvis +   a - staff of conjuration
rCold   + + +      Faith    .   (no shield)
rNeg    + + +      Spirit   .   M - +2 robe {Archmagi}
rPois   ∞          Reflect  .   g - +2 hat {Int+3}
rElec   +          Harm     .   T - +2 cloak {Will+}
rCorr   .          Rampage  +   s - +0 pair of gloves of Noon {Rampage rElec rC+}
Will    +++++      Archmagi +   B - +2 pair of boots "Ezox" {rF+ Will+}
Stlth   ++++......              r - amulet of Vitality {RegenMP++ Regen++}
HPRegen 1.97/turn               G - ring of magical power
MPRegen 1.19/turn               u - ring of Day {rPois rF+ rC+ SInv}

@: lich-form, slowed, studying Maces & Flails, very slow
A: draining attack, torment immunity, no potions, MP-powered wands
}: 6/15 runes: serpentine, barnacled, slimy, silver, demonic, magical
a: End Transformation, Renounce Religion


You were in Pandemonium.
You worshipped Vehumet.
Vehumet was exalted by your worship.
You were an undead lich.
You visited 11 branches of the dungeon, and saw 51 of its levels.
You visited Pandemonium 1 time, and saw 10 of its levels.
You visited 1 ziggurat, and saw 20 of its levels.
You also visited: Gauntlet and Desolation.

You collected 7312 gold pieces.
You spent 3891 gold pieces at shops.

Inventory:

Hand Weapons
 b - a +9 dagger of venom
 i - a +4 eudemon blade of holy wrath
 F - the +10 rapier of a treasure trove {freeze, rC- Will+ rCorr Int+8}
   (You found it on level 5 of the Pits of Slime)

   It freezes those it strikes, dealing additional cold damage.
   It can also slow down cold-blooded creatures.
   Int:       It affects your intelligence (+8).
   rC:        It makes you vulnerable to cold.
   rCorr:     It protects you from acid and corrosion.
   Will:      It increases your willpower.
 K - the +12 glaive of Prune {vorpal}
   (You found it on level 15 of a ziggurat)

   It inflicts extra damage upon your enemies.
   It halves damage taken while paralysed, petrified or unconscious.
Missiles
 e - 5 curare-tipped darts (quivered)
Armour
 g - a +2 hat of intelligence (worn)
 j - a +2 cloak of preservation
 s - the +0 pair of gloves of Noon (worn) {Rampage rElec rC+}
   (You found it on level 5 of the Dungeon)

   rC:        It protects you from cold.
   rElec:     It insulates you from electricity.
   Rampage:   It bestows one free step when moving towards enemies.
 y - the +4 kite shield of the Rose {+Blink rElec}
   (You found it in the Desolation of Salt)

   rElec:     It insulates you from electricity.
   +Blink:    It lets you blink.
 B - the +2 pair of boots "Ezox" (worn) {rF+ Will+}
   (You found it on level 3 of the Elven Halls)

   rF:        It protects you from fire.
   Will:      It increases your willpower.
 M - a +2 robe of the Archmagi (worn)
 T - a +2 cloak of willpower (worn)
Magical Staves
 a - a staff of conjuration (weapon)
 k - a staff of fire
 o - a staff of earth
Jewellery
 r - the amulet of Vitality (around neck) {RegenMP++ Regen++}
   (You found it on level 19 of a ziggurat)

   [amulet of magic regeneration]

   It increases your rate of magic regeneration.
   Regen:     It increases your rate of health regeneration.
 u - the ring of Day (right hand) {rPois rF+ rC+ SInv}
   (You found it on level 19 of a ziggurat)

   [ring of see invisible]

   rF:        It protects you from fire.
   rC:        It protects you from cold.
   rPois:     It protects you from poison.
   SInv:      It lets you see invisible.
 z - the ring of Wampuy {rElec rPois Will+ Int-2 Dex+7 SInv}
   (You found it on level 18 of a ziggurat)

   [ring of willpower]

   Int:       It affects your intelligence (-2).
   Dex:       It affects your dexterity (+7).
   rElec:     It insulates you from electricity.
   rPois:     It protects you from poison.
   SInv:      It lets you see invisible.
   Will:      It increases your willpower.
 G - a ring of magical power (left hand)
 N - the ring "Yqutwaos" {Fly rPois rF- rN+}
   (You found it in Pandemonium)

   [ring of positive energy]

   rF:        It makes you vulnerable to fire.
   rPois:     It protects you from poison.
   rN:        It protects you from negative energy.
   Fly:       It grants you flight.
 Q - the ring "Hiosh" {rPois rC+ Str-3 Int+3}
   (You bought it in a shop on level 4 of the Dungeon)

   [ring of protection from cold]

   Str:       It affects your strength (-3).
   Int:       It affects your intelligence (+3).
   rC:        It protects you from cold.
   rPois:     It protects you from poison.
 S - the ring of Megalomania {Ice Will+ rCorr Int+6 Stlth+}
   (You found it in Pandemonium)

   [ring of ice]

   It enhances your ice magic.
   Int:       It affects your intelligence (+6).
   rF:        It makes you vulnerable to fire.
   rC:        It protects you from cold.
   rCorr:     It protects you from acid and corrosion.
   Will:      It increases your willpower.
   Stlth:     It makes you more stealthy.
 U - the ring of Maloro {rF++ EV+4}
   (You found it on level 13 of a ziggurat)

   [ring of evasion]

   EV:        It affects your evasion (+4).
   rF:        It greatly protects you from fire.
 X - the ring of Xeiwkoem {rN++ Will+ Str+4 Int-3 Dex+6}
   (You took it off an ironbound convoker in the Desolation of Salt)

   [ring of dexterity]

   Str:       It affects your strength (+4).
   Int:       It affects your intelligence (-3).
   Dex:       It affects your dexterity (+6).
   rN:        It greatly protects you from negative energy.
   Will:      It increases your willpower.
 Y - the ring of Baog Yse {rN+ Str+7}
   (You found it on level 3 of the Elven Halls)

   [ring of positive energy]

   Str:       It affects your strength (+7).
   rN:        It protects you from negative energy.
Wands
 c - a wand of quicksilver (9)
 v - a wand of digging (25)
 w - a wand of iceblast (21)
Scrolls
 d - 7 scrolls of immolation
 p - 9 scrolls of magic mapping
 t - 7 scrolls of poison
 x - 7 scrolls of amnesia
 A - 11 scrolls of enchant weapon
 E - 4 scrolls of blinking
 L - 25 scrolls of teleportation
 O - 8 scrolls of fear
 V - 7 scrolls of enchant armour
 W - 9 scrolls of fog
Potions
 f - 16 potions of mutation
 h - 19 potions of curing
 l - 5 potions of ambrosia
 m - 2 potions of cancellation
 n - 6 potions of lignification
 q - 5 potions of brilliance
 C - 4 potions of haste
 D - 12 potions of magic
 H - 4 potions of resistance
 I - 17 potions of heal wounds
 J - 4 potions of invisibility
 P - 7 potions of might
 R - 5 potions of flight
Miscellaneous
 Z - a phantom mirror


   Skills:
 + Level 15.3 Fighting
 - Level 4.0 Short Blades
 - Level 2.0 Throwing
 - Level 10.0 Dodging
 - Level 10.0 Stealth
 - Level 2.5 Shields
 O Level 27 Spellcasting
 - Level 22.0 Conjurations
 - Level 5.0 Hexes
 - Level 16.0 Necromancy
 - Level 14.0 Transmutations
 - Level 22.0 Fire Magic
 - Level 4.0 Ice Magic
 * Level 9.5 Air Magic
 - Level 22.0 Earth Magic


You had one spell level left.
You knew the following spells:

 Your Spells              Type           Power      Damage    Failure   Level
a - Lehudib's Crystal Sp  Conj/Erth      82%        10d18     1%          8
b - Fire Storm            Conj/Fire      82%        8d21      1%          9
c - Shatter               Erth           69%        3d51*     1%          9
d - Iskenderun's Mystic   Conj/Tloc      100%       2d19      1%          4
e - Swiftness             Air            100%       N/A       1%          3
f - Fireball              Conj/Fire      82%        3d30      0%          5
g - Starburst             Conj/Fire      82%        6d21      0%          6
h - Ensorcelled Hibernat  Hex/Ice        100%       N/A       1%          2
i - Chain Lightning       Conj/Air       74%        3d99      19%         9
j - Statue Form           Tmut/Erth      86%        N/A       1%          6
k - Iron Shot             Conj/Erth      82%        9d15      0%          6
l - Necromutation         Tmut/Necr      73%        N/A       6%          8
m - Passwall              Tmut/Erth      100%       N/A       0%          2
x - Sublimation of Blood  Necr           100%       N/A       0%          2

Your spell library contained the following spells:

 Spells                   Type           Power      Damage    Failure   Level
 Maxwell's Capacitive Co  Air            52%        ∞         16%         8
 Polar Vortex             Ice            41%        N/A       100%        9
 Beastly Appendage        Tmut           100%       N/A       0%          1
 Foxfire                  Conj/Fire      100%       2x1d9     0%          1
 Necrotize                Necr           100%       1d9       0%          1
 Sandblast                Erth           100%       2d20      0%          1
 Shock                    Conj/Air       100%       1d9       0%          1
 Freeze                   Ice            100%       1d11      1%          1
 Sting                    Tmut/Pois      100%       1d8       1%          1
 Scorch                   Fire           100%       2d10      0%          2
 Static Discharge         Conj/Air       100%       N/A       0%          2
 Wereblood                Tmut           100%       N/A       0%          2
 Conjure Flame            Conj/Fire      100%       6-21      0%          3
 Dazzling Flash           Conj/Hex       100%       N/A       0%          3
 Ignite Poison            Fire/Tmut/Pois 100%       N/A       0%          3
 Inner Flame              Hex/Fire       100%       N/A       0%          3
 Mephitic Cloud           Conj/Pois/Air  100%       N/A       0%          3
 Stone Arrow              Conj/Erth      100%       3d13      0%          3
 Vampiric Draining        Necr           100%       2d13      0%          3
 Dispel Undead            Necr           100%       3d31      0%          4
 Flame Wave               Conj/Fire      100%       2d17      0%          4
 Fulminant Prism          Conj/Hex       71%        3d30      0%          4
 Hailstorm                Conj/Ice       100%       3d20      0%          4
 Petrify                  Tmut/Erth      100%       N/A       0%          4
 Sticky Flame             Conj/Fire      100%       2d11      0%          4
 Borgnjor's Vile Clutch   Necr/Erth      78%        N/A       0%          5
 Irradiate                Conj/Tmut      77%        3d39      0%          5
 Iskenderun's Battlesphe  Conj           100%       2d15      0%          5
 Lee's Rapid Deconstruct  Erth           69%        3d32*     0%          5
 Lightning Bolt           Conj/Air       74%        1d100     0%          5
 Blink                    Tloc           100%       N/A       1%          2
 Call Imp                 Summ           62%        N/A       1%          2
 Poisonous Vapours        Pois/Air       100%       N/A       1%          2
 Call Canine Familiar     Summ           62%        N/A       1%          3
 Confusing Touch          Hex            88%        N/A       1%          3
 Frozen Ramparts          Ice            100%       1d12      1%          3
 Ozocubu's Armour         Ice            83%        N/A       1%          3
 Portal Projectile        Hex/Tloc       100%       N/A       1%          3
 Spider Form              Tmut/Pois      96%        N/A       1%          3
 Summon Guardian Golem    Hex/Summ       76%        N/A       1%          3
 Tukima's Dance           Hex            88%        N/A       1%          3
 Airstrike                Air            52%        N/A       1%          4
 Anguish                  Hex/Necr       66%        N/A       1%          4
 Animate Armour           Summ/Erth      100%       N/A       1%          4
 Cause Fear               Hex            44%        N/A       1%          4
 Corpse Rot               Necr/Pois/Air  100%       N/A       1%          4
 Ice Form                 Ice/Tmut       100%       N/A       1%          4
 Leda's Liquefaction      Hex/Erth       58%        N/A       1%          4
 Olgreb's Toxic Radiance  Pois           62%        N/A       1%          4
 Summon Ice Beast         Ice/Summ       73%        N/A       1%          4
 Summon Lightning Spire   Summ/Air       87%        N/A       1%          4
 Agony                    Necr           100%       N/A       1%          5
 Alistair's Intoxication  Tmut/Pois      64%        N/A       1%          5
 Blade Hands              Tmut           59%        N/A       1%          5
 Freezing Cloud           Conj/Ice/Air   68%        6-21      1%          5
 Metabolic Englaciation   Hex/Ice        43%        N/A       1%          5
 Silence                  Hex/Air        48%        N/A       1%          5
 Yara's Violent Unravell  Hex/Tmut       52%        3d20      1%          5
 Conjure Ball Lightning   Conj/Air       74%        3x3d27    1%          6
 Eringya's Noxious Bog    Tmut/Pois      48%        N/A       1%          6
 Simulacrum               Ice/Necr       65%        N/A       1%          6
 Orb of Destruction       Conj           82%        9d18      1%          7
 Spellforged Servitor     Conj/Summ      67%        N/A       1%          7
 Ignition                 Fire           69%        3d18      1%          8
 Storm Form               Tmut/Air       56%        N/A       3%          7
 Passage of Golubria      Tloc           62%        N/A       4%          4
 Summon Mana Viper        Hex/Summ       76%        N/A       4%          5
 Borgnjor's Revivificati  Necr           74%        N/A       4%          8
 Manifold Assault         Tloc           62%        N/A       13%         5
 Summon Forest            Summ/Tloc      31%        N/A       13%         5
 Ozocubu's Refrigeration  Ice            41%        4d13      19%         7
 Enfeeble                 Hex            44%        N/A       45%         7
 Death's Door             Necr           74%        N/A       54%         9
 Dispersal                Tloc           31%        N/A       56%         6
 Summon Cactus Giant      Summ           31%        N/A       56%         6
 Monstrous Menagerie      Summ           31%        N/A       98%         7
 Summon Hydra             Summ           31%        N/A       98%         7
 Discord                  Hex            44%        N/A       98%         8
 Disjunction              Tloc           31%        N/A       100%        8
 Dragon's Call            Summ           31%        N/A       100%        9


Dungeon Overview and Level Annotations

Branches:
Dungeon (15/15)            Temple (1/1) D:6            Lair (6/6) D:10
 Shoals (4/4) Lair:2        Snake (4/4) Lair:4        Slime (5/5) Lair:5
    Orc (2/2) D:12            Elf (3/3) Orc:2        Vaults (5/5) D:14
  Crypt (2/3) Vaults:2     Depths (4/4) D:15            Zot (0/5) Depths:4
Desolation (visited)      Gauntlet (visited)

Altars:
Cheibriados
Dithmenos
Elyvilon
Fedhas
Gozag
Hepliaklqana
Kikubaaqudgha
Makhleb
Nemelex Xobeh
Qazlal
Ru
Sif Muna
Trog
Vehumet
Wu Jian
The Shining One
Jiyva

Shops:
D:4 !!:=*   D:7 !   Orc:2 [*?!:   Elf:1 :   Elf:2 :   Vaults:3 (   Vaults:5 !
Depths:1 =   Depths:2 [   Depths:4 *:=

Portals:
Hell: Depths:2 Depths:3
Pandemonium: Depths:2

Annotations:
D:8 3 runed translucent doors, Dawnplanks's ghost, novice HOBe; Erica; Grum
D:15 Rupert
Lair:3 exclusion: oklob plant
Crypt:2 Vv
Pan Gloorx Vloq


Innate Abilities, Weirdness & Mutations

You are an undead lich.
Your unarmed attacks are suffused with negative energy.
You are immune to unholy pain and torment.
Your necromantic spells are more powerful.
You cannot drink.
You are immune to poison.
You expend magic power (3 MP) to strengthen your wands.


Message History

Ka-crash!
You feel very sick.
The Executioner gestures.
The Executioner seems to speed up.
Something hits the Executioner.
Something burns the Executioner!
The Executioner resists.
Gloorx Vloq gestures at you. The foul vapour engulfs you!
You are more poisoned.
* * * LOW HITPOINT WARNING * * *
Gloorx Vloq calls on the powers of darkness!
Your body is wracked with pain!
* * * LOW HITPOINT WARNING * * *
Blink to where?
Press: ? - help, Dir - move target
Found 3 javelins and 25 gold pieces.
As you read the scroll of blinking, it crumbles to dust.
* * * LOW HITPOINT WARNING * * *
You feel extremely sick.
You feel better.
Blink to where?
Press: ? - help, Dir - move target
As you read the scroll of blinking, it crumbles to dust.
Casting: Shatter (dangerous; 1% risk of failure)
Confirm with . or Enter, or press ? or * to list all spells.
You feel a surge of power!
The dungeon rumbles!
You kill the Executioner!
The Executioner disappears in a puff of smoke!
Ka-crash!
You hear a hideous shriek! x3
You feel much better.
Casting: Shatter (dangerous; 1% risk of failure)
Confirm with . or Enter, or press ? or * to list all spells.
You feel a surge of power!
Your body is suffused with negative energy!
Gloorx Vloq gestures at you. The poison arrow hits you! You partially resist.
* * * LOW HITPOINT WARNING * * *
Gloorx Vloq gestures at you.
You convulse!
You die...

# ...#...#...#... .....# #
............(.. # ########
######...###### #### ........
...1.... .... .......# #...&.....
.... .####### #...####### .... .#
#...# .... .# #...## .... .#
#.L..# .... .# #...#.# #'## .#
.........#....# #... .#
........#.....# #... .####
.......#....$.. #... ....#
..∩...#..............#...
...^#####.#...#..............#...
.............................#...
................#1#.#.#......#...


You could see Gloorx Vloq and an Executioner (summoned, wandering).

Vanquished Creatures
  the Royal Jelly (Slime:5)
  9 pandemonium lords
  Lom Lobon (Pan)
  A dread lich (Depths:3)
  Mara (Snake:4)
  2 ancient liches
  A juggernaut (Depths:2)
  6 royal mummies (Zig:14)
  7 Killer Klowns
  Vashnia (Snake:4)
  Saint Roka (Depths:2)
  7 caustic shrikes
  A golden dragon (Vaults:5)
  2 profane servitors
  A pearl dragon (Zig:17)
  11 bone dragons
  4 doom hounds (Zig:18)
  6 Tzitzimimeh
  An iron giant (Zig:13)
  6 Brimstone Fiends
  Jorgrun (D:15)
  4 Hell Sentinels
  6 tainted leviathans (Zig:18)
  4 deep elf blademasters
  2 Ice Fiends (Pan)
  4 tentacled monstrosities
  7 liches
  A quicksilver dragon (Depths:4)
  Asterion (Elf:3)
  9 titans
  Polyphemus (Shoals:3)
  15 acid blobs
  2 deep elf master archers (Elf:3)
  A sphinx (shapeshifter) (Zig:15)
  7 storm dragons
  Gastronok (D:12)
  11 tentacled starspawn
  6 sphinxes
  15 Executioners
  4 ancient champions
  2 thorn hunters (Zig:11)
  3 tengu reavers (Vaults:5)
  3 shadow dragons
  2 shadow dragons (shapeshifter)
  4 nagarajas
  A nargun (Zig:20)
  16 rockslimes
  An azure jelly (shapeshifter) (Zig:15)
  2 daevas (Zig:20)
  10 azure jellies
  4 demonspawn warmongers (Pan)
  7 fire giants
  2 fire giants (shapeshifter)
  2 orc warlords
  2 draconian knights (Depths:4)
  6 balrugs
  6 deep elf sorcerers
  A draconian scorcher (Zig:7)
  8 frost giants
  3 iron dragons
  A quicksilver elemental (Zig:13)
  13 vault wardens
  2 imperial myrmidons (Desolation)
  A draconian stormcaller (Zig:7)
  A caustic shrike zombie (Zig:14)
  8 deep elf elementalists
  A curse skull (Pan)
  11 cacodemons (Pan)
  2 war gargoyles
  5 reapers (Pan)
  A juggernaut zombie (Depths:2)
  16 very ugly things
  9 ironbound preservers
  4 ironbound thunderhulks
  13 quicksilver oozes
  14 stone giants
  5 draconian annihilators
  7 demonspawn black suns (Pan)
  3 draconian shifters (Zig:7)
  3 demonspawn corrupters
  2 green draconians (Depths:4)
  A black draconian (Zig:7)
  5 vampire knights
  A juggernaut skeleton (D:15)
  22 starcursed masses
  Nessos (D:14)
  6 demonspawn blood saints (Pan)
  4 putrid mouths (Zig:18)
  An eleionoma (Zig:11)
  2 deep elf demonologists
  A white draconian (Depths:4)
  12 deep elf annihilators
  3 lorocyprocas (Pan)
  6 spark wasps
  A red draconian (Depths:4)
  3 halazid warlocks (Desolation)
  An eidolon (Crypt:2)
  A minotaur (Gauntlet)
  A yellow draconian (Depths:4)
  8 merfolk impalers
  10 blizzard demons
  11 deep elf death magi
  A mummy priest (Zig:14)
  A crystal guardian (Desolation)
  11 ettins
  5 green deaths
  4 iron golems
  Josephine (D:15)
  4 fire dragons
  A quicksilver dragon zombie (Zig:14)
  6 deep elf high priests
  4 merfolk javelineers
  6 great orbs of eyes
  Harold (Lair:2)
  6 ragged hierophants (Desolation)
  4 servants of whispers (Desolation)
  6 yaktaur captains
  3 shambling mangroves (Zig:11)
  5 rakshasas (Pan)
  4 salamander tyrants
  2 hell beasts (Pan)
  2 ghost crabs
  4 ice dragons
  7 hydras
  4 ogre magi
  25 vault guards (Vaults:5)
  An ironbound frostheart (Vaults:2)
  3 boulder beetles
  A boulder beetle (shapeshifter) (Zig:15)
  7 peacekeepers (Desolation)
  16 naga warriors
  4 spriggan air magi
  14 anacondas
  7 catoblepae
  9 centaur warriors
  An anaconda (shapeshifter) (Zig:15)
  A spriggan skeleton (Pan)
  6 merfolk aquamancers
  3 dancing weapons
  19 two-headed ogres
  An alligator (Zig:11)
  2 tengu warriors
  5 spriggan berserkers
  A death scarab (Zig:14)
  A deep troll shaman (Depths:3)
  A vampire mage (D:15)
  13 naga sharpshooters
  4 shock serpents
  7 death yaks
  11 thrashing horrors
  6 deep elf knights
  A titan zombie (D:15)
  3 spriggans (Depths:4)
  Sonja (Lair:1)
  4 deep troll earth magi
  An orc high priest (Zig:12)
  19 sun demons (Pan)
  Urug (D:14)
  Nergalle (Lair:2)
  9 wretched stars
  Amaemon (D:11)
  6 crystal echidnas
  9 hell knights
  6 soul eaters (Pan)
  2 storm dragon skeletons
  9 shadow wraiths
  2 spatial maelstroms
  A golden dragon zombie (Depths:3)
  A cherub (Pan)
  2 iron trolls (Depths:1)
  7 sixfirhies
  30 deep trolls
  A goliath frog (Lair:6)
  6 skeletal warriors
  A sea snake (Shoals:1)
  11 shadow demons
  A flayed ghost (Depths:3)
  7 naga ritualists
  A spriggan druid (Zig:10)
  A golden dragon skeleton (Depths:3)
  15 deep elf pyromancers
  7 wizards
  5 glowing orange brains
  17 ironbound convokers
  A swamp dragon (Zig:11)
  3 orc knights
  8 phantasmal warriors
  5 deep elf archers
  Pikel (D:6)
  12 harpies
  5 necromancers
  A sphinx zombie (D:15)
  11 deep elf zephyrmancers
  5 mana vipers
  A faun (shapeshifter) (Zig:15)
  3 oklob plants
  7 orc sorcerers
  A mana viper (shapeshifter) (Zig:15)
  A frost giant zombie (Depths:2)
  3 lindwurms (Vaults:1)
  A will-o-the-wisp (Zig:11)
  9 manticores
  2 wolf spiders (D:14)
  23 ugly things
  6 cyclopes
  9 shining eyes
  A stone giant zombie (Depths:2)
  53 slime creatures
  2 fauns (Shoals:1)
  12 salamanders
  An iron dragon skeleton (Depths:3)
  A worldbinder (Zig:17)
  5 merfolk sirens
  14 naga magi
  36 smoke demons
  3 eyes of devastation
  13 elephants
  4 torpor snails
  7 guardian serpents
  27 black mambas
  3 apocalypse crabs
  5 vault sentinels
  A dire elephant skeleton (Pan)
  A gargoyle (D:10)
  An unseen horror (D:10)
  Maggie (Lair:2)
  3 water nymphs (Shoals:4)
  An ice statue (Lair:3)
  A hellion (Zig:20)
  10 komodo dragons
  3 orange demons
  18 cane toads
  4 kobold demonologists
  7 demonic crawlers (Pan)
  12 tormentors
  2 rime drakes
  A komodo dragon (shapeshifter) (Zig:8)
  4 hellwings (Pan)
  2 efreet (Pan)
  22 yaktaurs
  An ice devil (Pan)
  13 guardian mummies
  3 freezing wraiths
  3 tengu conjurers
  A red devil (Pan)
  10 ancient zymes
  19 trolls
  A bloated husk (Zig:11)
  3 polar bears (Lair:3)
  17 wind drakes
  46 saltlings (Desolation)
  4 tyrant leeches (Lair:6)
  5 hornets
  A harpy skeleton (Pan)
  6 raiju
  19 merfolk
  2 snapping turtles
  21 blink frogs
  An ettin zombie (D:15)
  A yak (shapeshifter) (Vaults:5)
  8 air elementals
  A shadow (D:12)
  A centaur simulacrum (D:14)
  A spriggan (shapeshifter) (Vaults:5)
  3 wyverns
  3 flying skulls
  A vampire (D:12)
  5 ushabtiu
  44 yaks
  15 humans (D:14)
  2 basilisks
  15 water elementals
  5 wraiths
  10 ynoxinuls
  3 fire elementals
  2 steam dragons
  12 neqoxecs
  11 vampire mosquitoes
  4 wargs
  5 chaos spawn (Pan)
  33 large abominations
  A fire bat zombie (Crypt:2)
  A swamp worm (shapeshifter) (Elf:2)
  35 nagas
  6 acid dragons
  17 water moccasins
  A floating eye (Depths:4)
  A naga skeleton (Pan)
  2 black bears (D:6)
  42 orc warriors
  8 ice beasts
  A sky beast (D:7)
  31 ogres
  10 wolves
  3 boggarts (Vaults:1)
  A boggart (shapeshifter) (Vaults:5)
  A lemure (D:6)
  A phantom (D:6)
  5 centaurs
  4 kobold brigands
  16 bullfrogs
  3 earth elementals
  A scorpion (D:5)
  A necrophage (D:4)
  7 wights
  3 killer bees (D:7)
  A raiju skeleton (Crypt:2)
  2 electric eels (Snake:1)
  6 howler monkeys
  A wolf skeleton (Crypt:2)
  4 hounds
  14 orc priests
  Crazy Yiuf (D:7)
  22 orc wizards
  Natasha (thrice) (D:3)
  2 iguanas
  A boggart skeleton (Crypt:2)
  2 human simulacra (D:10)
  16 mummies
  5 adders
  4 gnolls (D:6)
  3 shadow imps (D:3)
  6 white imps
  An ufetubus (D:5)
  3 worms
  4 dart slugs
  54 orcs
  7 ball pythons
  5 bats
  4 endoplasms
  2 giant cockroaches
  8 goblins
  3 hobgoblins
  5 quokkas
  2 frilled lizards (D:2)
  17 kobolds
  3 rats (D:2)
  A spectral hobgoblin (D:15)
  3 ball lightnings (Pan)
  A fire vortex (Pan)
  2 starspawn tentacles (Zig:20)
  A withered plant (D:15)
2111 creatures vanquished.

Vanquished Creatures (collateral kills)
  A dread lich (Vaults:5)
  A tainted leviathan (Zig:18)
  A lich (Zig:16)
  3 titans
  3 acid blobs
  A storm dragon (Vaults:5)
  A rockslime (Slime:5)
  A frost giant (Vaults:5)
  A vault warden (Vaults:5)
  A cacodemon (Pan)
  3 stone giants
  A very ugly thing (Zig:20)
  A purple draconian (Depths:4)
  A great orb of eyes (Vaults:4)
  A naga warrior (Zig:9)
  An iron troll (Zig:12)
  A sixfirhy (Pan)
  An orc knight (Vaults:5)
  An iron dragon skeleton (Zig:14)
  A hellion (Zig:13)
  A yaktaur (Vaults:5)
  A merfolk (Shoals:4)
  A wind drake (Shoals:4)
  2 water elementals (Shoals:4)
  A water moccasin (Zig:10)
  4 mummies
  An orc (Vaults:5)
  2 starspawn tentacles
39 creatures vanquished.

Vanquished Creatures (others)
  A hydra (Zig:11)
  A sphinx skeleton (Depths:3)
  2 wind drakes (Pan)
  An orc wizard (D:12)
  3 ball lightnings (Pan)
  602 fire vortices
  15 fungi
  109 plants
  6 starspawn tentacles
  4 withered plants
744 creatures vanquished.

Grand Total: 2894 creatures vanquished

Notes
Turn   | Place    | Note
-------+----------+-------------------------------------------
     0 | D:1      | PurpleRed the Deep Elf Brigand began the quest for the Orb.
     0 | D:1      | Reached XP level 1. HP: 12/12 MP: 3/3
    59 | D:1      | Reached skill level 1 in Spellcasting
    83 | D:2      | Reached XP level 2. HP: 17/17 MP: 4/6
   134 | D:1      | Reached skill level 2 in Spellcasting
   280 | D:2      | Reached XP level 3. HP: 19/21 MP: 8/8
   524 | D:3      | Found an ornate altar of the Wu Jian Council.
   532 | D:3      | Found a burning altar of Makhleb.
   623 | D:3      | Noticed Natasha
   627 | D:3      | Killed Natasha
   628 | D:3      | Reached skill level 3 in Spellcasting
   628 | D:3      | Reached XP level 4. HP: 21/27 MP: 11/11
   638 | D:3      | Found a transporter.
   658 | D:3      | Found a transporter.
   696 | D:4      | Found Exkuviovo's Distillery.
   747 | D:4      | Bought a potion of heal wounds for 55 gold pieces
   747 | D:4      | Bought a potion of might for 44 gold pieces
   754 | D:5      | Entered Level 5 of the Dungeon
   754 | D:5      | Noticed an ogre
   758 | D:4      | Found Xixam's Distillery.
   763 | D:4      | Found Rutaycee's Book Emporium.
   764 | D:4      | Found Jinuoh's General Store.
   765 | D:4      | Found Yrueq's Jewellery Emporium.
  1009 | D:3      | Noticed Natasha
  1027 | D:3      | Killed Natasha
  1028 | D:3      | Reached skill level 4 in Spellcasting
  1058 | D:3      | Reached XP level 5. HP: 16/32 MP: 13/13
  1072 | D:3      | Noticed Natasha
  1074 | D:3      | Killed Natasha
  1120 | D:3      | Learned a level 2 spell: Passwall
  1229 | D:3      | Reached skill level 5 in Spellcasting
  1229 | D:3      | Reached skill level 1 in Earth Magic
  1340 | D:4      | Noticed an ogre
  1350 | D:4      | Killed an ogre
  1351 | D:4      | Reached XP level 6. HP: 34/38 MP: 16/16
  1737 | D:5      | Reached skill level 6 in Spellcasting
  1737 | D:5      | Reached XP level 7. HP: 28/43 MP: 16/18
  1955 | D:5      | Identified the +0 pair of gloves of Noon {Rampage rElec
                  | rC+}
  2171 | D:6      | Reached skill level 7 in Spellcasting
  2236 | D:6      | Reached skill level 5 in Fighting
  2236 | D:6      | Reached XP level 8. HP: 34/49 MP: 21/21
  2471 | D:6      | Learned a level 2 spell: Ensorcelled Hibernation
  2533 | D:4      | Bought a book of Geomancy for 234 gold pieces
  2535 | D:4      | Learned a level 1 spell: Sandblast
  2539 | D:4      | Learned a level 3 spell: Stone Arrow
  2590 | D:6      | Reached skill level 5 in Earth Magic
  2611 | D:6      | Reached skill level 8 in Spellcasting
  2611 | D:6      | Reached skill level 1 in Conjurations
  2863 | D:6      | Found a staircase to the Ecumenical Temple.
  2919 | D:6      | Noticed Pikel
  2931 | D:6      | Killed Pikel
  2961 | Temple   | Entered the Ecumenical Temple
  2971 | Temple   | Became a worshipper of Vehumet
  3181 | D:7      | Reached XP level 9. HP: 48/54 MP: 19/23
  3251 | D:8      | Noticed a kobold demonologist
  3296 | D:8      | Reached skill level 9 in Spellcasting
  3298 | D:8      | Reached skill level 5 in Dodging
  3398 | D:7      | Found a runed translucent door.
  3399 | D:7      | Noticed Crazy Yiuf
  3405 | D:7      | Killed Crazy Yiuf
  3447 | D:7      | Found Gomn's Distillery.
  3481 | D:7      | Bought a potion of heal wounds for 60 gold pieces
  3564 | D:7      | Reached * piety under Vehumet
  3564 | D:7      | Offered knowledge of Magic Dart by Vehumet.
  3632 | D:8      | Found a runed translucent gate.
  3632 | D:8      | Found a runed translucent gate.
  3632 | D:8      | Found a runed translucent gate.
  3633 | D:8      | Noticed Dawnplanks's ghost (novice HOBe)
  3650 | D:8      | Noticed a tengu warrior
  3660 | D:8      | Noticed a tengu warrior
  3677 | D:8      | Noticed Erica
  3685 | D:8      | Noticed Grum
  3709 | D:7      | HP: 1/54 [wolf[Grum] (7)]
  3829 | D:9      | Reached skill level 5 in Conjurations
  3833 | D:9      | Reached skill level 10 in Spellcasting
  3861 | D:9      | Noticed a two-headed ogre
  3892 | D:9      | HP: 1/54 [two-headed ogre/+0 giant spiked club (36)]
  3896 | D:9      | Killed a two-headed ogre
  3897 | D:9      | Reached skill level 11 in Spellcasting
  4002 | D:9      | Reached XP level 10. HP: 28/59 MP: 27/27
  4086 | D:9      | Reached skill level 5 in Stealth
  4220 | D:9      | Reached skill level 12 in Spellcasting
  4256 | D:9      | Offered knowledge of Scorch by Vehumet.
  4275 | D:9      | Learned a level 3 spell: Swiftness
  4320 | D:9      | Reached ** piety under Vehumet
  4382 | D:8      | Noticed an orange demon
  4432 | D:10     | Entered Level 10 of the Dungeon
  4432 | D:10     | Noticed a gargoyle
  4432 | D:10     | Found a sparkling altar of Nemelex Xobeh.
  4435 | D:10     | Killed a gargoyle
  4613 | D:10     | Reached skill level 1 in Air Magic
  4774 | D:4      | Bought an amulet of regeneration for 330 gold pieces
  5068 | D:10     | Found a staircase to the Lair.
  5082 | D:10     | Reached XP level 11. HP: 58/63 MP: 26/29
  5102 | D:10     | Reached skill level 13 in Spellcasting
  5298 | D:10     | Learned a level 5 spell: Fireball
  5305 | D:10     | Learned a level 6 spell: Starburst
  5326 | D:10     | Offered knowledge of Inner Flame by Vehumet.
  5337 | D:10     | Reached skill level 1 in Fire Magic
  5780 | D:14     | Noticed a two-headed ogre
  5780 | D:14     | Noticed Urug
  5780 | D:14     | Noticed Nessos
  5780 | D:14     | Noticed a wolf spider
  5780 | D:14     | Found a gate to the Vaults.
  5835 | D:12     | Reached *** piety under Vehumet
  5867 | D:12     | Reached skill level 5 in Hexes
  5882 | D:12     | Noticed a two-headed ogre
  5886 | D:12     | Killed a two-headed ogre
  6240 | D:12     | Noticed a seven-headed hydra
  6240 | D:12     | Noticed a two-headed ogre
  6312 | Lair:1   | Entered Level 1 of the Lair of Beasts
  6399 | Lair:2   | Noticed a four-headed hydra
  6399 | Lair:2   | Noticed Maggie
  6467 | Lair:2   | Noticed Nergalle
  6477 | Lair:2   | Offered knowledge of Frozen Ramparts by Vehumet.
  6480 | Lair:2   | Killed Nergalle
  6481 | Lair:2   | Reached skill level 5 in Fire Magic
  6533 | Lair:3   | Noticed an oklob plant
  6558 | Lair:2   | Reached skill level 10 in Conjurations
  6565 | Lair:2   | Reached XP level 12. HP: 68/68 MP: 26/31
  6602 | Lair:2   | Noticed a four-headed hydra
  6607 | Lair:2   | Noticed Harold
  6648 | Lair:2   | Killed Harold
  6649 | Lair:2   | Reached skill level 14 in Spellcasting
  6654 | Lair:2   | Killed a four-headed hydra
  6694 | Lair:2   | Killed Maggie
  6695 | Lair:2   | Reached skill level 10 in Stealth
  6702 | Lair:2   | Found a staircase to the Shoals.
  6731 | Lair:2   | Killed a four-headed hydra
  6863 | Lair:2   | Reached **** piety under Vehumet
  6957 | Lair:3   | Offered knowledge of Olgreb's Toxic Radiance by Vehumet.
  6983 | Lair:3   | Found a blossoming altar of Fedhas.
  7174 | Lair:4   | Reached skill level 15 in Spellcasting
  7326 | Lair:4   | Reached skill level 10 in Fire Magic
  7326 | Lair:4   | Reached XP level 13. HP: 62/72 MP: 18/34
  7374 | Lair:4   | Reached ***** piety under Vehumet
  7404 | Lair:4   | Found a staircase to the Snake Pit.
  7477 | Lair:4   | Offered knowledge of Hailstorm by Vehumet.
  7500 | Lair:4   | Found a gate leading to a gauntlet.
  7510 | Gauntlet | Entered a Gauntlet
  7510 | Gauntlet | Found a transporter.
  7510 | Gauntlet | Found a transporter.
  7515 | Gauntlet | Found a transporter.
  7530 | Gauntlet | Found a transporter.
  7552 | Gauntlet | Found a transporter.
  7559 | Gauntlet | Found a transporter.
  7575 | Gauntlet | Found a transporter.
  7648 | Gauntlet | Found a transporter.
  7661 | Gauntlet | Found a transporter.
  7672 | Gauntlet | Found a transporter.
  7682 | Gauntlet | Found a transporter.
  7703 | Gauntlet | Found a transporter.
  7719 | Gauntlet | Found a transporter.
  7724 | Gauntlet | Found a transporter.
  7761 | Gauntlet | Found a transporter.
  7775 | Gauntlet | Found a transporter.
  7958 | Gauntlet | Noticed a minotaur
  7975 | Gauntlet | Learned a level 2 spell: Sublimation of Blood
  7997 | Gauntlet | Killed a minotaur
  8006 | Gauntlet | Identified the +0 leather armour of Liberty {rC- Str+3}
  8138 | Lair:5   | Found a viscous altar of Jiyva.
  8138 | Lair:5   | Found a staircase to the Slime Pits.
  8202 | Lair:6   | Entered Level 6 of the Lair of Beasts
  8231 | Lair:6   | Reached skill level 16 in Spellcasting
  8409 | Lair:6   | Offered knowledge of Spellforged Servitor by Vehumet.
  8425 | Lair:6   | Got the Collected Works on Toxins and the Arsonist
  8532 | Lair:6   | Reached XP level 14. HP: 78/78 MP: 36/36
  8588 | Lair:5   | Reached skill level 17 in Spellcasting
  8899 | Lair:1   | Noticed Sonja
  8900 | Lair:1   | Killed Sonja
  8982 | D:11     | Noticed Amaemon
  9009 | D:11     | Killed Amaemon
  9486 | D:12     | Found a staircase to the Orcish Mines.
  9486 | D:12     | Noticed Gastronok
  9536 | D:12     | Killed Gastronok
  9643 | D:12     | Learned a level 8 spell: Ignition
  9644 | Orc:1    | Entered Level 1 of the Orcish Mines
  9731 | Orc:2    | Entered Level 2 of the Orcish Mines
  9810 | Orc:2    | Found a staircase to the Elven Halls.
  9943 | Orc:2    | Found Ameill's General Store.
  9960 | Orc:2    | Bought a scroll of teleportation for 36 gold pieces
 10160 | Orc:1    | Noticed an orc warlord
 10161 | Orc:1    | Reached ****** piety under Vehumet
 10162 | Orc:1    | Reached skill level 1 in Necromancy
 10163 | Orc:1    | Offered knowledge of Irradiate by Vehumet.
 10166 | Orc:1    | Killed an orc warlord
 10315 | Orc:2    | Reached skill level 18 in Spellcasting
 10322 | Orc:2    | Reached XP level 15. HP: 82/82 MP: 22/39
 10392 | Orc:2    | Found Tistroew's Book Emporium.
 10392 | Orc:2    | Found Unlarph's Distillery.
 10397 | Orc:2    | Found Jycvoggo's Magic Scroll Shop.
 10421 | Orc:2    | Found Jetiutid's Antique Armour Shoppe.
 10440 | Orc:2    | Bought a glowing scarf for 256 gold pieces
 10450 | Orc:2    | Bought a potion of magic for 104 gold pieces
 10450 | Orc:2    | Bought a potion of mutation for 104 gold pieces
 10450 | Orc:2    | Bought a potion of brilliance for 52 gold pieces
 10450 | Orc:2    | Bought 2 potions of curing for 78 gold pieces
 10450 | Orc:2    | Bought a potion of heal wounds for 65 gold pieces
 10658 | D:4      | Bought the ring "Hiosh" {rPois rC+ Str-3 Int+3} for 434
                  | gold pieces
 10863 | Snake:1  | Entered Level 1 of the Snake Pit
 11079 | Snake:1  | Offered knowledge of Lightning Bolt by Vehumet.
 11464 | Snake:4  | Entered Level 4 of the Snake Pit
 11686 | Snake:4  | Reached skill level 19 in Spellcasting
 11693 | Snake:4  | Reached skill level 15 in Conjurations
 11788 | Snake:4  | Noticed Mara
 11792 | Snake:4  | Noticed PurpleRed's illusion
 11816 | Snake:3  | Reached skill level 10 in Dodging
 11912 | Snake:4  | Learned a level 8 spell: Lehudib's Crystal Spear
 12054 | Snake:4  | Learned a level 4 spell: Summon Lightning Spire
 12082 | Snake:4  | Killed Mara
 12083 | Snake:4  | Reached skill level 15 in Fire Magic
 12114 | Snake:4  | Reached XP level 16. HP: 87/87 MP: 41/41
 12212 | Snake:4  | Reached skill level 1 in Transmutations
 12594 | Snake:4  | Reached skill level 20 in Spellcasting
 12671 | Snake:4  | Noticed Vashnia
 12693 | Snake:4  | Killed Vashnia
 12694 | Snake:4  | Offered knowledge of Iron Shot by Vehumet.
 12707 | Snake:4  | Learned a level 6 spell: Iron Shot
 12780 | Snake:4  | Got a serpentine rune of Zot
 12781 | Snake:4  | Upgraded the game from 0.29-a0-701-g5b5c5c9 to
                  | 0.29-a0-716-gf28ee25
 12788 | Snake:4  | Learned a level 6 spell: Statue Form
 13031 | D:13     | Found a radiant altar of Vehumet.
 13241 | D:13     | Found an ancient bone altar of Kikubaaqudgha.
 13715 | D:14     | Killed Nessos
 13745 | D:14     | Killed Urug
 13781 | D:15     | Entered Level 15 of the Dungeon
 13781 | D:15     | Noticed Jorgrun
 13786 | D:15     | Killed Jorgrun
 13797 | D:15     | Found a hazy altar of Hepliaklqana.
 13898 | D:15     | Noticed Josephine
 13909 | D:15     | Killed Josephine
 13962 | D:15     | Noticed Rupert
 14066 | D:15     | Found a staircase to the Depths.
 14139 | Vaults:1 | Entered Level 1 of the Vaults
 14368 | Vaults:2 | Reached XP level 17. HP: 92/92 MP: 34/43
 14512 | Vaults:3 | Reached skill level 5 in Transmutations
 14514 | Vaults:3 | Reached skill level 21 in Spellcasting
 14789 | Vaults:3 | Offered knowledge of Yara's Violent Unravelling by Vehumet.
 14828 | Vaults:3 | Found Camoih Halau's Antique Weapon Boutique.
 14933 | Vaults:3 | Found a crumbling gateway.
 14940 | Desolati | Entered the Desolation of Salt
 14991 | Desolati | Identified the ring of Xeiwkoem {rN++ Will+ Str+4 Int-3
                  | Dex+6}
 15046 | Desolati | Identified the ring of Pootzuw {rPois SInv Stlth+}
 15051 | Desolati | Got Sif Muna's Almanac of Translocation and Creation
 15080 | Desolati | Identified the +10 quarterstaff "Poan" {vorpal, Int+3 SInv}
 15086 | Desolati | Got Vyinuqat's Disquisition on the Rocks and Poison
 15246 | Desolati | Offered knowledge of Conjure Ball Lightning by Vehumet.
 15299 | Desolati | Identified the +4 kite shield of the Rose {+Blink rElec}
 15300 | Desolati | Identified the amulet "Aqugacak" {Faith Fly Regen+ rCorr
                  | Int-2}
 15400 | Vaults:3 | Reached skill level 22 in Spellcasting
 15591 | Vaults:3 | Identified the +1 morningstar "Leath" {drain, *Slow Will-
                  | rCorr Dex+9}
 15621 | Vaults:2 | Found a staircase to the Crypt.
 15648 | Vaults:2 | Reached XP level 18. HP: 74/96 MP: 11/46
 16014 | Vaults:4 | Identified the +0 pair of boots "Fimnab" {Harm Str+4 Dex+4}
 16211 | Crypt:1  | Entered Level 1 of the Crypt
 16379 | Crypt:2  | Noticed Vv
 16576 | Elf:1    | Entered Level 1 of the Elven Halls
 16620 | Elf:1    | Offered knowledge of Fire Storm by Vehumet.
 16620 | Elf:1    | Offered knowledge of Polar Vortex by Vehumet.
 16620 | Elf:1    | Offered knowledge of Maxwell's Capacitive Coupling by
                  | Vehumet.
 16644 | Elf:1    | Learned a level 9 spell: Fire Storm
 16703 | Elf:1    | Got the Volume of Supportive Battle Magic
 16763 | Elf:1    | Identified the +6 dagger of Hepliaklqana's Envy {vamp,
                  | rElec Will+}
 16856 | Elf:1    | Found Yte Gopn's Book Shoppe.
 16884 | Elf:2    | Found Poidghedo's Book Emporium.
 16892 | Elf:2    | Bought a book of Blasting for 576 gold pieces
 16929 | Elf:3    | Entered Level 3 of the Elven Halls
 17056 | Elf:3    | Noticed Asterion
 17076 | Elf:3    | Paralysed by an air elemental for 1 turns
 17114 | Elf:3    | Killed Asterion
 17223 | Elf:3    | Found an ancient bone altar of Kikubaaqudgha.
 17229 | Elf:3    | Paralysed by an air elemental for 1 turns
 17371 | Elf:3    | Reached skill level 10 in Earth Magic
 17395 | Elf:3    | Reached skill level 23 in Spellcasting
 17445 | Elf:3    | Identified a scroll of acquirement
 17471 | Elf:3    | Got Sif Muna's Compendium of Shape Shifting and the Escort
 17476 | Elf:3    | Identified the +4 short sword of Souj {flame, rElec Str-5
                  | SInv}
 17490 | Elf:3    | Identified the +3 trident "Kaollywn" {vorpal, rC+ rN+ Str-4
                  | Dex+4}
 17514 | Elf:3    | Identified the +2 pair of boots "Ezox" {rF+ Will+}
 17537 | Elf:3    | Identified the ring of Baog Yse {rN+ Str+7}
 17562 | Elf:3    | Acquired 697 gold pieces
 17565 | Elf:3    | Upgraded the game from 0.29-a0-716-gf28ee25 to
                  | 0.29-a0-717-g6dac4ea
 17722 | Elf:1    | Bought the Papyrus of Ashen Transmigration for 420 gold
                  | pieces
 17976 | Slime:1  | Entered Level 1 of the Pits of Slime
 17979 | Slime:1  | Reached XP level 19. HP: 105/105 MP: 41/48
 18116 | Slime:5  | Entered Level 5 of the Pits of Slime
 18152 | Slime:5  | Noticed the Royal Jelly
 18155 | Slime:5  | Killed the Royal Jelly
 18240 | Slime:5  | Identified the +10 rapier of a treasure trove {freeze, rC-
                  | Will+ rCorr Int+8}
 18247 | Slime:5  | Identified the amulet "Loqy" {RegenMP Dex+4}
 18289 | Slime:5  | Got Womygep's Almanac of Ashen Transmutation
 18313 | Slime:5  | Got a slimy rune of Zot
 18438 | Shoals:1 | Entered Level 1 of the Shoals
 18462 | Shoals:1 | Identified the +6 sling of Kuheemn {venom, rF+ Str+2}
 18613 | Shoals:1 | Acquired 531 gold pieces
 18745 | Shoals:3 | Noticed Polyphemus
 18748 | Shoals:3 | Killed Polyphemus
 18785 | Shoals:4 | Entered Level 4 of the Shoals
 18788 | Shoals:4 | Paralysed by an air elemental for 1 turns
 18839 | Shoals:4 | Reached skill level 24 in Spellcasting
 18934 | Shoals:4 | Paralysed by an air elemental for 1 turns
 18973 | Shoals:4 | Got the Almanac of Venomous Moulding
 19002 | Shoals:4 | Reached XP level 20. HP: 115/115 MP: 48/50
 19009 | Shoals:4 | Got a barnacled rune of Zot
 19362 | Vaults:5 | Entered Level 5 of the Vaults
 19381 | Vaults:5 | Noticed a dread lich
 19384 | Vaults:5 | Killed a dread lich
 19400 | Vaults:5 | Reached skill level 10 in Fighting
 19414 | Vaults:5 | Reached skill level 25 in Spellcasting
 19437 | Vaults:5 | Got Vuadiy's Compendium of Hexes
 19440 | Vaults:5 | Got a silver rune of Zot
 19482 | Vaults:5 | Found the +3 giant club "Skullcrusher" {speed, Str+7}
 19535 | Vaults:5 | Noticed an ancient lich
 19538 | Vaults:5 | Killed an ancient lich
 19618 | Vaults:5 | Got the Papyrus of Toxic Air
 19632 | Vaults:5 | Identified the +8 mace of the Ancient Loafs {pain, Fly
                  | rPois Int-4}
 19697 | Vaults:5 | Noticed a golden dragon
 19702 | Vaults:5 | Reached XP level 21. HP: 113/122 MP: 52/52
 19705 | Vaults:5 | Killed a golden dragon
 19772 | Vaults:5 | Found Xaadwiopp's Distillery.
 19776 | Vaults:5 | Bought a potion of brilliance for 88 gold pieces
 19776 | Vaults:5 | Bought a potion of heal wounds for 110 gold pieces
 19776 | Vaults:5 | Bought a potion of curing for 66 gold pieces
 19776 | Vaults:5 | Bought a potion of ambrosia for 176 gold pieces
 19776 | Vaults:5 | Bought a potion of haste for 220 gold pieces
 20120 | Vaults:5 | Identified the +9 great sword of Roibuex {drain, rF+++ rC+
                  | Will- Int-4}
 20287 | Depths:1 | Entered Level 1 of the Depths
 20301 | Depths:1 | Found Fuel's Jewellery Shoppe.
 20329 | Depths:1 | Reached skill level 26 in Spellcasting
 20364 | Depths:2 | Noticed a juggernaut
 20370 | Depths:2 | Killed a juggernaut
 20535 | Depths:2 | Found a one-way gate leading to the halls of Pandemonium.
 20564 | Depths:2 | Found Zizogix's Armour Shop.
 20612 | Depths:2 | Found a gateway to Hell.
 20642 | Depths:2 | Noticed Saint Roka
 20645 | Depths:2 | Killed Saint Roka
 20672 | Depths:2 | Learned a level 4 spell: Iskenderun's Mystic Blast
 20751 | Depths:3 | Reached skill level 5 in Necromancy
 20800 | Depths:3 | Noticed a dread lich
 20802 | Depths:3 | Killed a dread lich
 20804 | Depths:3 | Found a one-way gateway to a ziggurat.
 20856 | Depths:3 | Learned a level 9 spell: Shatter
 20860 | Depths:3 | Reached XP level 22. HP: 125/127 MP: 27/54
 20884 | Zig:1    | Entered Level 1 of a ziggurat
 20900 | Zig:2    | Entered Level 2 of a ziggurat
 20921 | Zig:3    | Entered Level 3 of a ziggurat
 20924 | Zig:3    | Noticed Wytwari the pandemonium lord
 20928 | Zig:3    | Killed Wytwari the pandemonium lord
 20940 | Zig:3    | Identified the +4 long sword of Yqekuoke {flame, rElec rN+
                  | Will- Dex+2}
 20956 | Zig:4    | Entered Level 4 of a ziggurat
 20961 | Zig:4    | Reached skill level 27 in Spellcasting
 20990 | Zig:5    | Entered Level 5 of a ziggurat
 20998 | Zig:5    | Killed an ancient lich
 21055 | Zig:6    | Entered Level 6 of a ziggurat
 21061 | Zig:6    | Noticed a Killer Klown
 21063 | Zig:6    | Killed a Killer Klown
 21064 | Zig:6    | Killed a Killer Klown
 21082 | Zig:6    | Got the Compendium of Arcane Weapons and Lightness
 21083 | Zig:6    | Identified the +1 quarterstaff of Eternal War {speed, rC+}
 21088 | Zig:7    | Entered Level 7 of a ziggurat
 21115 | Zig:8    | Entered Level 8 of a ziggurat
 21139 | Zig:8    | Identified the +0 scale mail "Zaipeter" {rPois Stlth+}
 21152 | Zig:9    | Entered Level 9 of a ziggurat
 21160 | Zig:9    | Found the +2 hat of the Bear Spirit {Spirit, *Rage Will++}
 21193 | Zig:9    | Identified the ring of Hiurriz {rPois rN+ Str+6 Slay+3}
 21201 | Zig:10   | Entered Level 10 of a ziggurat
 21210 | Zig:10   | Found the +3 greatsling "Punk" {acid, rCorr}
 21236 | Zig:11   | Entered Level 11 of a ziggurat
 21265 | Zig:11   | Identified the amulet "Woitirr" {RegenMP +Inv rCorr}
 21275 | Zig:12   | Entered Level 12 of a ziggurat
 21285 | Zig:12   | Reached skill level 15 in Earth Magic
 21292 | Zig:12   | Identified the ring "Kyicrue" {rPois rCorr Str+3}
 21304 | Zig:12   | Reached XP level 23. HP: 132/132 MP: 56/56
 21305 | Zig:12   | Identified the ring "Earthly Heaven" {rC+ AC+4 SInv Stlth+}
 21321 | Zig:13   | Entered Level 13 of a ziggurat
 21324 | Zig:13   | Noticed a caustic shrike
 21324 | Zig:13   | Noticed a caustic shrike
 21326 | Zig:13   | Noticed a caustic shrike
 21326 | Zig:13   | Noticed a caustic shrike
 21327 | Zig:13   | Killed a caustic shrike
 21328 | Zig:13   | Killed a caustic shrike
 21330 | Zig:13   | Killed a caustic shrike
 21332 | Zig:13   | Killed a caustic shrike
 21371 | Zig:13   | Identified the ring of Maloro {rF++ EV+4}
 21377 | Zig:13   | Got the Tome of the Escort and Enchantment
 21384 | Zig:13   | Got Icaji Ziun's Handbook of the Flamy Entourage
 21386 | Zig:13   | Got Gikhloidgh's Handbook of Weightlessness
 21414 | Zig:14   | Entered Level 14 of a ziggurat
 21422 | Zig:14   | Noticed a royal mummy
 21426 | Zig:14   | Noticed a royal mummy
 21428 | Zig:14   | Killed a royal mummy
 21428 | Zig:14   | Noticed a royal mummy
 21429 | Zig:14   | Killed a royal mummy
 21430 | Zig:14   | Reached XP level 24. HP: 94/137 MP: 55/56
 21430 | Zig:14   | Noticed a royal mummy
 21430 | Zig:14   | Noticed a royal mummy
 21431 | Zig:14   | Killed a royal mummy
 21433 | Zig:14   | Killed a royal mummy
 21433 | Zig:14   | Killed a royal mummy
 21435 | Zig:14   | Noticed a royal mummy
 21438 | Zig:14   | Noticed a royal mummy
 21438 | Zig:14   | Killed a royal mummy
 21463 | Zig:14   | Found the +10 zealot's sword {holy, *Rage rN+ EV+3}
 21539 | Zig:15   | Entered Level 15 of a ziggurat
 21549 | Zig:15   | Noticed a Killer Klown
 21549 | Zig:15   | Noticed a Killer Klown
 21549 | Zig:15   | Found the +3 pair of seven-league boots {Rampage+∞}
 21550 | Zig:15   | Noticed Fyfeseh the pandemonium lord
 21550 | Zig:15   | Noticed a Killer Klown
 21551 | Zig:15   | Killed a Killer Klown
 21551 | Zig:15   | Killed a Killer Klown
 21552 | Zig:15   | Killed a Killer Klown
 21552 | Zig:15   | Noticed Gonek the pandemonium lord
 21553 | Zig:15   | Killed a Killer Klown
 21553 | Zig:15   | Killed a Killer Klown
 21554 | Zig:15   | Noticed Detzitt the pandemonium lord
 21556 | Zig:15   | Killed Gonek the pandemonium lord
 21562 | Zig:15   | Killed Fyfeseh the pandemonium lord
 21574 | Zig:15   | Killed Detzitt the pandemonium lord
 21588 | Zig:15   | Found the +12 glaive of Prune {vorpal}
 21601 | Zig:15   | Got Sif Muna's Tome of the Vitriolic Traveller
 21608 | Zig:15   | Identified the +10 battleaxe of the Hierophant {pain, Int+3
                  | Dex+4}
 21663 | Zig:16   | Entered Level 16 of a ziggurat
 21698 | Zig:16   | Got Sif Muna's Handbook of Curses
 21701 | Zig:16   | Identified the +5 plate armour of the Land of Plenty
                  | {rPois}
 21708 | Zig:16   | Identified the +9 dagger of Nupinyel {flame, rC+ Str+2
                  | Dex-2}
 21710 | Zig:16   | Identified the amulet "Gafforre" {Regen+ Str+2}
 21749 | Zig:17   | Entered Level 17 of a ziggurat
 22048 | Zig:17   | Identified the +5 halberd of the Pyrrhic Victory {drain,
                  | rElec Int+4 Stlth-}
 22052 | Zig:18   | Entered Level 18 of a ziggurat
 22093 | Zig:18   | Reached XP level 25. HP: 102/143 MP: 21/56
 22132 | Zig:18   | Identified the ring of Wampuy {rElec rPois Will+ Int-2
                  | Dex+7 SInv}
 22136 | Zig:18   | Identified the +1 great sword "Beetleslayer" {freeze, Str-4
                  | Int+5}
 22157 | Zig:19   | Entered Level 19 of a ziggurat
 22174 | Zig:19   | Found the amulet of the Air {Inacc Air Fly rElec RMsl}
 22177 | Zig:19   | Found the amulet of Vitality {RegenMP++ Regen++}
 22183 | Zig:19   | Identified the amulet of Qocavuw {Faith rF+}
 22184 | Zig:19   | Identified the ring of Day {rPois rF+ rC+ SInv}
 22187 | Zig:19   | Identified the +4 dagger of the Philosopher {holy, Will+}
 22188 | Zig:19   | Identified the +10 short sword of Unuarch {freeze, Int+2
                  | Dex-3 SInv}
 22208 | Zig:19   | Reached skill level 10 in Necromancy
 22208 | Zig:19   | Reached XP level 26. HP: 150/150 MP: 56/56
 22211 | Zig:19   | Identified the +7 short sword "Kuraf" {flame, rF+ rCorr
                  | Stlth+}
 22213 | Zig:19   | Got Ushihuy's Almanac of Mutagenic Battle Magic
 22228 | Zig:20   | Entered Level 20 of a ziggurat
 22271 | Zig:20   | Identified the +0 robe of the Great Game {Dex+4}
 22275 | Zig:20   | Identified the +8 dagger of the Past {flame, rPois rF+ rN+
                  | Str-2 Dex+3}
 22281 | Zig:20   | Got the Almanac of Cloudy Beguiling
 22282 | Zig:20   | Identified the +5 mace of Jiesugg {vorpal, rN+ Str+4}
 22285 | Zig:20   | Got the Collected Works on the Shifting Mountains
 22288 | Zig:20   | Reached skill level 10 in Transmutations
 22288 | Zig:20   | Reached XP level 27. HP: 157/157 MP: 56/56
 22315 | Depths:4 | Entered Level 4 of the Depths
 22351 | Depths:4 | Found Docuitay's General Store.
 22378 | Depths:4 | Found Zeppyneb's Book Shoppe.
 22384 | Depths:4 | Found Nuabor's Jewellery Emporium.
 22388 | Depths:4 | Bought a scroll of blinking for 97 gold pieces
 22388 | Depths:4 | Bought a wand of digging (7) for 286 gold pieces
 22435 | Depths:4 | Found a gate to the Realm of Zot.
 22470 | Depths:3 | Learned a level 8 spell: Necromutation
 22492 | Pan      | Entered Pandemonium
 22494 | Pan      | Noticed Xijoqiy the pandemonium lord
 22500 | Pan      | Killed Xijoqiy the pandemonium lord
 22828 | Pan      | Identified the amulet "Rewaranu" {Acrobat Dex+3}
 22857 | Pan      | Noticed Eseinuarch the pandemonium lord
 22860 | Pan      | Killed Eseinuarch the pandemonium lord
 22878 | Pan      | Got a demonic rune of Zot
 22893 | Pan      | Reached skill level 15 in Necromancy
 23083 | Pan      | Noticed Luyleff the pandemonium lord
 23091 | Pan      | Killed Luyleff the pandemonium lord
 23134 | Pan      | Found an exit through the horrors of the Abyss.
 23237 | Pan      | Noticed Fanih the pandemonium lord
 23241 | Pan      | Killed Fanih the pandemonium lord
 23318 | Pan      | Learned a level 9 spell: Chain Lightning
 23335 | Pan      | Noticed Xufaf the pandemonium lord
 23336 | Pan      | Gained mutation: You are weak. (Str -2) [a cacodemon]
 23341 | Pan      | Killed Xufaf the pandemonium lord
 23356 | Pan      | Lost mutation: You are weak. (Str -2) [potion of mutation]
 23356 | Pan      | Gained mutation: You occasionally lose the ability to read
                  | scrolls when taking damage. [potion of mutation]
 23357 | Pan      | Lost mutation: You occasionally lose the ability to read
                  | scrolls when taking damage. [potion of mutation]
 23357 | Pan      | Gained mutation: You expend magic power (3 MP) to
                  | strengthen your wands. [potion of mutation]
 23361 | Pan      | Entered the realm of Lom Lobon.
 23461 | Pan      | Reached skill level 5 in Air Magic
 23499 | Pan      | Noticed Lom Lobon
 23511 | Pan      | Killed Lom Lobon
 23540 | Pan      | Got a magical rune of Zot
 23568 | Pan      | Found an exit through the horrors of the Abyss.
 23612 | Pan      | Found a transporter.
 23620 | Pan      | Reached skill level 15 in Fighting
 23625 | Pan      | Identified the ring of Megalomania {Ice Will+ rCorr Int+6
                  | Stlth+}
 23644 | Pan      | Identified the ring "Yqutwaos" {Fly rPois rF- rN+}
 23660 | Pan      | Got the Collected Works on Ashen Necromancy
 23689 | Pan      | Entered the realm of Gloorx Vloq.
 23741 | Pan      | Found an exit through the horrors of the Abyss.
 23894 | Pan      | Noticed Gloorx Vloq
 23904 | Pan      | Killed from afar by Gloorx Vloq

Illustrated notes

Levels and vault maps discovered:
D:1:      amcnicky_arrival_wind_blow, layout_loops_cross,
          hellmonk_ecumenical_altar_run_dry, serial_bayou_lagoon_a,
          minmay_misc_feat_rugged
D:2:      layout_rooms
D:3:      gammafunk_wand_slinger, layout_loops_corners,
          mainiacjoe_overflow_big_doors, uniq_natasha
D:4:      layout_basic, serial_shops, nicolae_diamond_shop,
          minmay_shop_grid_forest, hangedman_decor_opposing
D:5:      layout_cave_pods, corexii_shack
D:6:      layout_gridville, minmay_temple_entry_glass, uniq_pikel
D:7:      layout_gridville, serial_shops, shop, uniq_crazy_yiuf_cottage
D:8:      layout_cave_pools, gammafunk_ghost_necromancy, uniq_erica, uniq_grum
D:9:      layout_basic, blue_anna_alchemist
D:10:     layout_stronghold, amcnicky_altar_gilded, minmay_lair_entry_grove,
          bh_circular_ruins
D:11:     layout_layer_cave, uniq_amaemon
D:12:     layout_roguey, orc_0_dummy, uniq_gastronok
D:13:     layout_stronghold, hangedman_feature_mirror, roderic_batcave,
          nicolae_figureground_sparkle
D:14:     layout_basic, david_vaults_3, hangedman_abyss_or_decor_lesser_grid
D:15:     gammafunk_depths_entry_grave, layout_stronghold, lemuel_crystal_altar,
          minmay_misc_feat_tiny, nicolae_hepliaklqana_monster_ancestors,
          uniq_rupert, uniq_josephine, uniq_jorgrun
Temple:   compressed_dpeg_triangle_lava_temple
Lair:1:   layout_concentric_octagons, uniq_sonja
Lair:2:   layout_big_grid, elwin_shoals_entry_stream, uniq_nergalle,
          uniq_harold, uniq_maggie
Lair:3:   layout_gridlike, hangedman_tree_tricks, ice2_lemuel
Lair:4:   layout_roguey, guppyfry_snake_entry_garden, gauntlet_entry_generic,
          chequers_serial_rivers_room_b, lemuel_fruit_fields
Lair:5:   layout_cave_pods, minmay_slime_entry_oklob_open, grunt_megastairs_1
Lair:6:   minmay_lair_end_frog_pond, layout_long_grid
Shoals:1: layout_shoals, serial_shops, shop, uniq_roxanne, uniq_kirke,
          uniq_aizul
Shoals:2: layout_shoals
Shoals:3: layout_shoals, uniq_polyphemus
Shoals:4: shoals_end_hellmonk_storm_palace [storm_palace_center_ruins,
          storm_palace_corner_grid, storm_palace_corner_grid,
          storm_palace_corner_reverse_hut, storm_palace_corner_narrow],
          serial_shops
Snake:1:  layout_onion, nicolae_snake_slithery_corners, serial_bayou_shore_a
Snake:2:  layout_basic, nicolae_snake_shapes
Snake:3:  layout_chambers, basic_altar, serial_bayou_shore_b, grunt_megastairs_5
Snake:4:  grunt_snake_rune_serpentine_throne, layout_layer_cave, basic_altar,
          uniq_mara
Slime:1:  cheibrodos_slime_lost_civilization_9, layout_caves,
          cheibrodos_slime_lost_civilization_7
Slime:2:  nicolae_slime_jelly_donut, layout_caves
Slime:3:  layout_caves
Slime:4:  layout_caves
Slime:5
Orc:1:    layout_caves
Orc:2:    st_orc_open, layout_diamond_mine, serial_shops, nicolae_shop_crystal
Elf:1:    layout_loops_cross, serial_shops, shop, minmay_elf_sorcery,
          serial_sigils_hangedman_confine
Elf:2:    elven_hall_of_blades_hangedman_alternative
          [nicolae_vaults_blade_armed_guards], layout_loops_corners,
          mu_enter_wizlab_2, serial_shops, nicolae_stop_n_shop_1,
          grunt_ministairs_9, bh_hangedman_babel_library, uniq_azrael,
          uniq_agnes
Elf:3:    minmay_elf_hall_x, layout_geoelf_castle, basic_altar, uniq_asterion
Vaults:1: hangedman_vaults_stream, v_misc_19, vaults_room_fancy_cross,
          ontoclasm_vaults_hangar, vaults_dpeg_spiral,
          nicolae_vaults_diagonal_hallway_9, ontoclasm_vaults_idyll,
          ontoclasm_vaults_ring_square, nicolae_vaults_little_squares_3,
          hangedman_vaults_variations, nicolae_vaults_asterisk,
          nicolae_vaults_shelves_hall, vaults_mumra_hex,
          nicolae_vaults_alarming, nicolae_vaults_border_crossing,
          layout_vaults_omnigrid, serial_hangedman_research,
          hangedman_research_pyrotechnics
Vaults:2: v_misc_29, nicolae_vaults_network_periphery,
          nicolae_vaults_hallways_thing, minmay_crypt_entry_simple_sparse,
          grunt_vaults_diagonal, v_misc_27, nicolae_vaults_puzzle_piece,
          v_misc_10, v_misc_11, v_alt_pattern_1, v_misc_13,
          ontoclasm_vaults_fault, layout_vaults_omnibox
Vaults:3: portal_desolation_entry_garden, vaults_room_grunt_arrival_ludios,
          hangedman_vaults_impose, v_pattern_1, hangedman_vaults_capsules,
          grunt_vaults_funnel, hangedman_vaults_hat, v_misc_10,
          ontoclasm_vaults_twist, nicolae_vaults_little_ls,
          nicolae_vaults_little_squares_2, layout_vaults_maze_bifur,
          serial_shops, nicolae_shop_statue_plus
Vaults:4: ebering_ghost_xom, vaults_standard_mumra_enter_the_diamond,
          nicolae_vaults_network_quinsquares
          [nicolae_vaults_network_quincunx_subvault,
          nicolae_vaults_network_quincunx_subvault,
          nicolae_vaults_network_quincunx_subvault,
          nicolae_vaults_network_quincunx_subvault], vaults_mumra_lcd,
          nicolae_vaults_network_square, v_rooms_4, ontoclasm_vaults_chip,
          nicolae_vaults_big_angled_halls, vaults_room_semicircle, v_misc_9,
          vaults_room_semicircle, layout_vaults_ring
Vaults:5
Crypt:1:  layout_basic, special_room [special_room_morgue], library_closet,
          grunt_crypt_arrival_split
Crypt:2:  hangedman_hall_of_fallen_heroes, layout_chaotic_city,
          grunt_ministairs_6, minivault_14, small_statue_intersection,
          lemuel_upstairs_altar, uniq_margery, uniq_vv
Depths:1: layout_cave_shapes, serial_shops, shop_coins, hangedman_decor_lopped,
          pf_hell_entry_tar_spiral, rand_demon_pan_entry_7, abyss_entry,
          grunt_dithmenos_smoke
Depths:2: ragdoll_tomb_raider, layout_basic, serial_co_window_serial,
          co_window_paths_b, co_window_corner_a, co_window_paths_a,
          co_window_paths_a, co_window_corner_a, co_window_broadway_b,
          co_window_unsneaky_path_a, co_window_2corner,
          co_window_of_opportunity_b, co_window_of_opportunity_b,
          glass_columns_a, glass_columns_b, glass_columns_c, glass_columns_c,
          glass_columns_c, pan_entry, hell_entry, serial_shops,
          nicolae_shop_behind_doors, infiniplex_staircase_zigzag_2,
          uniq_saint_roka
Depths:3: grunt_double_whammy, layout_basic, enter_ziggurat_a,
          abyss_entry_flame_altar, grunt_metal_band, serial_bayou,
          serial_bayou_pond_d, serial_bayou_crossing, serial_bayou_pond_a,
          serial_bayou_shore_b, special_room [special_room_morgue],
          hangedman_decor_clover_reticule, minmay_staircase_statues
Depths:4: grunt_zot_entry_hairpin, layout_cave_shapes, minmay_misc_feat_iff,
          gammafunk_ghost_grave, grunt_hell_entry_dis_mu, minmay_shop_star
Pan:      evilmike_mini_pan_diamond, layout_chambers, lemuel_hall_of_pain,
          layout_basic, pan_blood_fountain, nicolae_pan_glass_arcs,
          layout_cellular_growth, evilmike_mini_pan_corridor, layout_stronghold,
          rand_demon_9, layout_stronghold, nicolae_pan_gloorx_vloqian_1,
          grunt_pan_pentagram, layout_cellular_growth, nicolae_pan_glass_arcs,
          layout_long_grid, nicolae_pan_cerebovesque_4,
          lom_lobon_grunt_wind_tunnels, layout_small_grid,
          gammafunk_dig_for_victory, layout_pan_divisions_b
          [pan_division_quadrant_b4, pan_division_quadrant_b2,
          pan_division_quadrant_b4, pan_division_quadrant_b5],
          gloorx_vloq_grunt, layout_irregular_city

Skill      XL: |  1  2  3  4  5  6  7  8  9 10 11 12 13 14 15 16 17 18 19 20 21 22 23 24 25 26 27 |
---------------+----------------------------------------------------------------------------------+-----
Spellcasting   | 1 2 3 4 5 6 7 8 11 12 13 15 16 18 19 20 22 23 24 25 26 27 | 27.0
Fighting       | 2 3 4 5 7 9 10 11 12 15 | 15.3
Earth Magic    | 1 2 4 5 7 8 10 15 17 22 | 22.0
Dodging        | 4 5 7 10 | 10.0
Conjurations   | 3 6 8 10 11 12 14 15 16 18 19 21 22 | 22.0
Hexes          | 2 4 5 |  5.0
Ice Magic      | 2 3 4 |  4.0
Stealth        | 7 9 10 | 10.0
Short Blades   | 4 |  4.0
Air Magic      | 2 9 |  9.5
Fire Magic     | 5 10 12 13 15 16 17 18 19 20 22 | 22.0
Necromancy     | 2 3 6 8 10 12 16 | 16.0
Transmutations | 4 6 8 10 14 | 14.0
Shields        | 2 |  2.5
Throwing       | |  2.0

Action                   |  1- 3 |  4- 6 |  7- 9 | 10-12 | 13-15 | 16-18 | 19-21 | 22-24 | 25-27 || total
-------------------------+-------+-------+-------+-------+-------+-------+-------+-------+-------++-------
Melee: Dagger            |    65 |    76 |   150 |   203 |   262 |    91 |     2 |       |       ||   849
       Punch             |       |     2 |     2 |     2 |     5 |       |       |       |       ||    11
       Staff             |       |       |       |       |       |       |    12 |       |       ||    12
 Fire: Sling             |       |    57 |     3 |       |    26 |       |       |       |       ||    86
Throw: Dart              |     7 |    15 |    32 |     4 |       |     1 |       |     8 |       ||    67
 Cast: Ensorcelled Hiber |       |       |    30 |   132 |   149 |    93 |       |       |       ||   404
       Passwall          |       |       |     3 |     2 |     2 |    15 |     6 |       |     1 ||    29
       Sandblast         |       |       |     1 |     1 |       |       |       |       |       ||     2
       Stone Arrow       |       |       |    14 |    16 |    25 |    31 |     8 |       |       ||    94
       Fireball          |       |       |       |    11 |    94 |   127 |    20 |     2 |     9 ||   263
       Starburst         |       |       |       |     8 |    49 |    59 |    20 |       |       ||   136
       Sublimation of Bl |       |       |       |       |    32 |    60 |    55 |    32 |    63 ||   242
       Ignition          |       |       |       |       |     5 |    22 |     2 |     1 |       ||    30
       Lehudib's Crystal |       |       |       |       |     2 |    28 |    62 |    17 |    57 ||   166
       Summon Lightning  |       |       |       |       |     2 |     1 |       |       |       ||     3
       Statue Form       |       |       |       |       |       |     7 |     3 |     2 |       ||    12
       Iron Shot         |       |       |       |       |       |    29 |    38 |     3 |    27 ||    97
       Fire Storm        |       |       |       |       |       |    13 |   122 |   115 |   151 ||   401
       Iskenderun's Myst |       |       |       |       |       |       |       |     1 |       ||     1
       Shatter           |       |       |       |       |       |       |       |     4 |    77 ||    81
       Necromutation     |       |       |       |       |       |       |       |       |     1 ||     1
 Abil: End Transformatio |       |       |       |       |       |     2 |     3 |     2 |       ||     7
Evoke: Wand              |       |     3 |     4 |       |     3 |     1 |       |       |       ||    11
       Lightning rod     |       |       |     8 |       |       |       |       |       |       ||     8
  Use: Scroll            |       |     6 |    13 |     7 |     2 |    12 |     3 |     8 |     5 ||    56
       Potion            |       |     4 |     7 |     5 |     1 |     4 |     3 |     7 |    12 ||    43
 Stab: Sleeping          |     8 |     1 |    24 |    96 |   107 |    55 |     2 |       |       ||   293
       Distracted        |     1 |       |     1 |       |     1 |       |       |       |       ||     3
       Invisible         |       |       |     1 |       |       |       |       |       |       ||     1
       Petrified         |       |       |       |       |     1 |       |       |       |       ||     1
       Paralysed         |       |       |       |       |     1 |       |       |       |       ||     1
Armor: Robe              |    12 |     7 |    38 |    29 |   111 |    44 |    15 |     3 |     3 ||   262
       Steam dragon scal |       |       |       |    19 |       |       |       |       |       ||    19
       Skin              |       |       |       |       |       |    14 |     5 |     4 |       ||    23
Dodge: Dodged            |    37 |    40 |   119 |   113 |   220 |   152 |    51 |    16 |    11 ||   759

Table legend: (Time is in decaauts)
 A = Elapsed time spent in this place.
 B = Non-inter-level travel time spent in this place.
 C = Inter-level travel time spent in this place.
 D = Time resting spent in this place.
 E = Time spent auto-exploring this place.
 F = Levels seen in this place.
 G = Mean time per level.
                   A        B        C        D        E       F      G
               +--------+--------+--------+--------+--------+-----+--------+
         Total |  24179 |  22129 |   2050 |     30 |      0 |  83 |  291.3 |
       Dungeon |   8685 |   7480 |   1205 |     30 |      0 |  15 |  579.0 |
        Temple |     29 |     29 |      0 |      0 |      0 |   1 |   29.0 |
          Lair |   2498 |   2130 |    368 |      0 |      0 |   6 |  416.3 |
        Shoals |    699 |    699 |      0 |      0 |      0 |   4 |  174.8 |
     Snake Pit |   2055 |   2003 |     52 |      0 |      0 |   4 |  513.8 |
    Slime Pits |    422 |    422 |      0 |      0 |      0 |   5 |   84.4 |
  Orcish Mines |    907 |    802 |    105 |      0 |      0 |   2 |  453.5 |
   Elven Halls |   1199 |   1177 |     22 |      0 |      0 |   3 |  399.7 |
        Vaults |   2792 |   2514 |    278 |      0 |      0 |   5 |  558.4 |
         Crypt |    217 |    199 |     18 |      0 |      0 |   2 |  108.5 |
        Depths |    805 |    805 |      0 |      0 |      0 |   4 |  201.2 |
   Pandemonium |   1393 |   1393 |      0 |      0 |      0 |  10 |  139.3 |
      Ziggurat |   1503 |   1503 |      0 |      0 |      0 |  20 |   75.2 |
    Desolation |    465 |    465 |      0 |      0 |      0 |   1 |  465.0 |
      Gauntlet |    503 |    503 |      0 |      0 |      0 |   1 |  503.0 |
               +--------+--------+--------+--------+--------+-----+--------+

Top non-repeatable levels by time:
    D:11: 1112 daAuts
 Snake:4: 1096 daAuts
    D:10: 929 daAuts
Vaults:3: 867 daAuts
   Elf:3: 788 daAuts
Vaults:5: 772 daAuts
     D:6: 731 daAuts
     D:7: 730 daAuts
     D:4: 711 daAuts
    D:12: 702 daAuts
     D:9: 650 daAuts
Vaults:2: 643 daAuts
   Orc:2: 623 daAuts
  Lair:2: 616 daAuts
    D:13: 588 daAuts
